 Dungeon Crawl Stone Soup version 0.19.1 (webtiles) character file.

1439 TerminallyChill the Slasher (level 8, 0/64 HPs)
             Began as a Demonspawn Wanderer on Nov 27, 2016.
             Succumbed to an orc wizard's poison
             ... on level 5 of the Dungeon.
             The game lasted 00:12:31 (5882 turns).

TerminallyChill the Slasher (Demonspawn Wanderer)   Turns: 5882, Time: 00:12:31

Health: 0/64       AC: 14    Str: 20    XL:     8   Next: 45%
Magic:  15/15      EV: 12    Int: 15    God:
Gold:   264        SH:  0    Dex: 21    Spells: 0 memorised, 16 levels left

rFire  . . .     SeeInvis .     m - +1 quarterstaff (speed)
rCold  . . .     Gourm    .     q - +0 chain mail
rNeg   . . .     Faith    .     (shield currently unavailable)
rPois  .         Spirit   .     h - +0 hat
rElec  .         Reflect  .     z - +1 cloak
rCorr  .         Harm     .     (no gloves)
MR     .....                    (no boots)
Stlth  +++.......               (no amulet)
                                C - +6 ring of dexterity
                                r - ring of stealth

@: agile, lethally poisoned (0 -> -12), about to teleport
A: horns 1, iridescent scales 2, nightstalker 2, sense surroundings 1, strong 2
a: no special abilities


You were on level 5 of the Dungeon.
You were hungry.

You visited 1 branch of the dungeon, and saw 6 of its levels.

You collected 264 gold pieces.

Inventory:

Hand Weapons
 a - a +2 mace
 m - a +1 quarterstaff of speed (weapon)
 s - a +1 falchion of flaming
Armour
 d - a +0 robe
 h - a +0 hat (worn)
 i - a +0 pair of boots
 q - a +0 chain mail (worn)
 z - a +1 cloak (worn)
Jewellery
 o - an uncursed ring of loudness
 r - a ring of stealth (left hand)
 C - a +6 ring of dexterity (right hand)
Wands
 c - a wand of random effects (8/48)
 x - a wand of flame (31/48)
 y - a wand of acid (10/15)
Scrolls
 g - 2 scrolls of teleportation
 j - a scroll of fog {unknown}
 n - a scroll of immolation {unknown}
 p - 2 scrolls of magic mapping {unknown}
 t - 2 scrolls of remove curse
 u - a scroll of blinking {unknown}
 v - 2 scrolls of identify
 D - a scroll of noise {unknown}
Potions
 e - 2 potions of magic
 l - a potion of invisibility
Books
 b - Kikubaaqudgha's Grimoire of Evil Secrets

   Spells                             Type                      Level
   a - Pain                           Necromancy                   1
   b - Vampiric Draining              Necromancy                   3
 w - a book of Misfortune

   Spells                             Type                      Level
   a - Confusing Touch                Hexes                        1
   b - Confuse                        Hexes                        3
   c - Gell's Gravitas                Hexes/Translocation          3
   d - Petrify                        Transmutation/Earth          4
   e - Metabolic Englaciation         Hexes/Ice                    5
   f - Yara's Violent Unravelling     Hexes/Transmutation          5
Comestibles
 f - 4 bread rations
 k - a beef jerky
 B - a meat ration


   Skills:
 - Level 6.1 Fighting
 + Level 6.5 Long Blades
 - Level 1.0 Maces & Flails
 - Level 1.0 Armour
   Level 1.0 Shields
 - Level 4.6 Spellcasting
   Level 1.0 Charms
   Level 2.0 Poison Magic
 - Level 1.0 Evocations


You had 16 spell levels left.
You didn't know any spells.

Dungeon Overview and Level Annotations

Branches:
Dungeon (6/15)
 Temple: D:4-7

Altars:
Kikubaaqudgha
Makhleb
Trog

Annotations:
D:5 1 exclusion


Innate Abilities, Weirdness & Mutations

You have a pair of small horns on your head.
You are mostly covered in iridescent scales. (AC +4)
You are significantly more attuned to the shadows.
You passively map a small area around you.
Your muscles are very strong. (Str +4)


Message History

Zapping:
c - a wand of random effects (11/48)
Press: ? - help, Shift-Dir - straight line, f - you Really target yourself?
This wand has 10 charges left.
* * * LOW HITPOINT WARNING * * *
You feel sick.
Evoke which item? (* to show all) (? for menu, Esc to quit)
Zapping:
c - a wand of random effects (10/48)
Press: ? - help, Shift-Dir - straight line, f - you Really target yourself?
This wand has 9 charges left.
You feel less confused.
* * * LOW HITPOINT WARNING * * *
You feel sick.
Evoke which item? (* to show all) (? for menu, Esc to quit)
Zapping:
c - a wand of random effects (9/48)
Press: ? - help, Shift-Dir - straight line, f - you Really target yourself?
You feel strangely unstable.
This wand has 8 charges left.
You die...

#...............#...#..#####.....
#.....###'###...#...## #.....
#.....# #)# #...+....# , #P≈.PP
#.....###.###...#....# #(P.P.
#.....'.._..'..##.#### #≈[!..
#####.#######..##.## #≈.P..#≈≈≈≈≈
#.# ### #......# #≈?/.$##;;≈#
#.#######).)...# #≈≈[≈≈######
#....)..).>.@..####≈;≈##≈≈...
###.....#..##.###.#####≈#####
###########'##..'..≈≈####..
#......######..#..
#.....#........#..
#.....'........#..
#####.##.####....####
##..##.##.####....##..
#......#..........#..<


There were no monsters in sight!

Vanquished Creatures
  Eustachio (D:4)
  A yak (D:5)
  An ice beast (D:5)
  An ogre (D:4)
  A centaur (D:5)
  A gnoll sergeant (D:5)
  A bullfrog (D:4)
  3 vampire bats (D:3)
  A howler monkey (D:5)
  2 crimson imps (D:5)
  An orc priest (D:5)
  5 orc wizards
  A worker ant (D:5)
  3 iguanas
  A killer bee zombie (D:6)
  10 gnolls
  5 adders
  An adder skeleton (D:4)
  2 worms
  A dart slug (D:1)
  5 leopard geckos
  18 orcs
  8 bats
  3 bat skeletons (D:3)
  3 bat zombies (D:3)
  2 giant cockroaches
  3 goblins
  2 hobgoblins
  7 jackals
  6 kobolds
  A quokka (D:2)
  2 ball pythons
  4 frilled lizards
  A jackal skeleton (D:6)
  3 rats
111 creatures vanquished.

Notes
Turn   | Place    | Note
-------+----------+-------------------------------------------
     0 | D:1      | TerminallyChill the Demonspawn Wanderer began the quest for the Orb.
     0 | D:1      | TerminallyChill set off with: a +2 mace, Kikubaaqudgha's Grimoire of Evil Secrets, a wand of random effects (15/48), a +0 robe, a bread ration
     0 | D:1      | Reached XP level 1. HP: 18/18 MP: 1/1
     0 | D:1      | Identified Kikubaaqudgha's Grimoire of Evil Secrets
   278 | D:1      | Gained mutation: You are slightly more attuned to the shadows. [demonic ancestry]
   278 | D:1      | Reached XP level 2. HP: 22/24 MP: 3/3
   451 | D:1      | Reached skill level 1 in Spellcasting
  1190 | D:2      | Reached XP level 3. HP: 18/29 MP: 5/5
  2108 | D:3      | Found an ancient bone altar of Kikubaaqudgha.
  2125 | D:3      | Gained mutation: You are partially covered in iridescent scales. (AC +2) [demonic ancestry]
  2125 | D:3      | Reached XP level 4. HP: 24/37 MP: 7/7
  2130 | D:3      | Gained mutation: You are mostly covered in iridescent scales. (AC +4) [demonic ancestry]
  2130 | D:3      | Reached XP level 5. HP: 28/43 MP: 7/9
  2991 | D:3      | Reached skill level 5 in Fighting
  3039 | D:4      | Reached XP level 6. HP: 15/51 MP: 11/11
  3470 | D:4      | Found a bloodstained altar of Trog.
  3470 | D:4      | Noticed Eustachio
  3490 | D:4      | Killed Eustachio
  3490 | D:4      | Gained mutation: You are significantly more attuned to the shadows. [demonic ancestry]
  3490 | D:4      | Reached XP level 7. HP: 57/58 MP: 12/14
  3716 | D:4      | Reached skill level 1 in Long Blades
  3856 | D:5      | Entered Level 5 of the Dungeon
  3984 | D:5      | Found a burning altar of Makhleb.
  4559 | D:5      | Noticed a yak
  4584 | D:5      | Killed a yak
  4584 | D:5      | Gained mutation: You have a pair of small horns on your head. [demonic ancestry]
  4584 | D:5      | Reached XP level 8. HP: 15/64 MP: 15/15
  4925 | D:5      | Reached skill level 5 in Long Blades
  4955 | D:5      | Gained mutation: Your muscles are strong. (Str +2) [potion of mutation]
  4955 | D:5      | Gained mutation: Your muscles are very strong. (Str +4) [potion of mutation]
  4955 | D:5      | Gained mutation: You passively map a small area around you. [potion of mutation]
  4955 | D:5      | HP: 3/64 [poisoned by a gnoll sergeant]
  5880 | D:5      | HP: 3/64 [poisoned by an orc wizard]
  5882 | D:5      | Succumbed to an orc wizard's poison

Skill      XL: |  1  2  3  4  5  6  7  8 |
---------------+-------------------------+-----
Spellcasting   | 1 2 3 4 |  4.6
Fighting       | 4 5 6 |  6.1
Long Blades    | 4 6 |  6.5
Maces & Flails | |  1.0
Armour         | |  1.0
Shields        | |  1.0
Charms         | |  1.0
Poison Magic   | |  2.0
Evocations     | |  1.0

Action                   |  1- 3 |  4- 6 |  7- 9 || total
-------------------------+-------+-------+-------++-------
Melee: Mace              |   114 |    50 |       ||   164
       Quarterstaff      |       |    53 |   239 ||   292
       Headbutt          |       |       |    24 ||    24
Evoke: Wand              |     5 |     4 |     7 ||    16
  Use: Scroll            |     4 |     1 |       ||     5
       Potion            |     1 |     2 |     4 ||     7
 Stab: Sleeping          |     5 |     2 |     1 ||     8
       Paralysed         |       |    18 |       ||    18
       Invisible         |       |       |     1 ||     1
  Eat: Chunk             |     2 |     2 |     3 ||     7
       Bread ration      |       |     1 |     1 ||     2
Armor: Robe              |    59 |    13 |       ||    72
       Skin              |     8 |    23 |       ||    31
       Chain mail        |       |    21 |   152 ||   173
Dodge: Dodged            |   103 |    35 |    65 ||   203
